 Dungeon Crawl Stone Soup version 0.31-a0-1265-gaa4636e842 (webtiles) character file.

Game seed: 11342552671831671478

396 ketsa the Slasher (level 6, 0/43 HPs)
             Began as a Vine Stalker Fighter on Dec 16, 2023.
             Was a Believer of Hepliaklqana.
             Slain by Duvessa
             ... wielding a +1 short sword of protection
              (2 damage)
             ... on level 4 of the Dungeon.
             The game lasted 00:09:15 (2135 turns).

ketsa the Slasher (Vine Stalker Fighter)            Turns: 2135, Time: 00:09:16

Health: 0/43       AC: 23    Str: 19    XL:     6   Next: 83%
Magic:  0/7        EV:  2    Int:  8    God:    Hepliaklqana [**....]
Gold:   119        SH:  6    Dex: 21    Spells: 5/5 levels left

rFire   . . .        a - +0 long sword
rCold   . . .        c - +0 buckler
rNeg    . . .        b - melded +0 scale mail
rPois   +            w - melded +0 helmet
rElec   .            (cloak currently unavailable)
rCorr   .            (gloves currently unavailable)
SInv    .            (boots currently unavailable)
Will    .....        (no amulet)
Stlth   ++           i - +6 ring of dexterity
HPRegen 1.07/turn    (no ring)
MPRegen 0.10/turn

%: guardian spirit
@: tree-form
A: stationary, stasis, torment immunity, boosted hp, reduced essence, (fangs 2),
regeneration 1, magic shield, (antimagic bite), no potion heal 2
a: Renounce Religion, Recall Ancestor, Ancestor Identity


You were on level 4 of the Dungeon.
You worshipped Hepliaklqana.
Hepliaklqana was pleased with you.
You were a tree.
You visited 1 branch of the dungeon, and saw 4 of its levels.

You collected 119 gold pieces.

Inventory:

Hand Weapons
 a - a +0 long sword (weapon)
 f - a +0 mace
 p - the +5 trident of Risk Management {venom, ^Contam rPois Dex+3}
   (You found it on level 2 of the Dungeon)

   Dex+3:     It affects your dexterity (+3).
   rPois:     It protects you from poison ^Contam: It causes magical
   contamination when unequipped.
 q - a +0 sling
 v - a +0 scythe
Missiles
 e - 5 large rocks
Armour
 b - a +0 scale mail (melded)
 c - a +0 buckler (worn)
 n - a +0 pair of gloves
 w - a +0 helmet (melded)
Jewellery
 i - a +6 ring of dexterity (left branch)
Talismans
 j - a flux talisman
Wands
 o - a wand of mindburst (12)
Scrolls
 g - 3 scrolls of teleportation
 m - a scroll of enchant weapon {unknown}
 r - a scroll of fog
 s - a scroll of poison {unknown}
 y - a scroll of torment {unknown}
 z - a scroll of silence {unknown}
Potions
 d - a potion of might
 h - a potion of curing {unknown}
 k - a potion of enlightenment
 l - 3 potions of lignification
 t - a potion of haste {unknown}
 u - a potion of resistance {unknown}
 x - a potion of mutation {unknown}


   Skills:
 + Level 4.1 Fighting
 * Level 4.7 Long Blades
 - Level 2.4 Armour
 + Level 4.0 Shields


You had 5 spell levels left.
You didn't know any spells.
Your spell library contained the following spells:

 Spells                   Type           Power      Damage    Failure   Level
 Magic Dart               Conj           0%         1d3       47%         1
 Call Imp                 Summ           0%         N/A       63%         2
 Mephitic Cloud           Conj/Pois/Air  0%         N/A       85%         3


Dungeon Overview and Level Annotations

Branches:
Dungeon (3/15)

Altars:
Hepliaklqana

Annotations:
D:3 Ijyb
D:4 Duvessa


Innate Abilities, Weirdness & Mutations

You are a tree.
Your roots penetrate the ground, keeping you stationary.
You cannot be teleported.
You are immune to unholy pain and torment.
Your maximum health is greatly increased.
Your equipment is partially melded.
Your life essence is reduced to manifest your ancestor. (-10% HP)
((You have extremely sharp teeth.))
Your natural rate of healing is unusually fast.
When hurt, damage is shared between your health and your magic reserves.
((Your bite disrupts and absorbs the magic of your enemies.))
Potions cannot restore your health.


Message History

Duvessa hits Zolin with a +1 short sword of protection!!
Zolin is destroyed!
You catch the helpless Duvessa completely off-guard!
You hit Duvessa but do no damage.
Duvessa is lightly wounded.
You feel sick.
Duvessa hits you with a +1 short sword of protection.
Duvessa hits you but does no damage.
You completely miss Duvessa. You bite Duvessa, but do no damage.
Duvessa is lightly wounded.
You feel sick.
Duvessa hits you with a +1 short sword of protection!
Duvessa hits you with a +1 short sword of protection.
Aiming: Mindburst
Press: ? - help, Shift-Dir - straight line, f - Duvessa
Aim: Duvessa, wielding a +1 short sword of protection and wearing a +0 leather armour (lightly wounded, berserk, chance to affect: 47%) Duvessa resists with some effort.
You feel sick.
You hear a shout!
Duvessa hits you with a +1 short sword of protection!
* * * LOW HITPOINT WARNING * * *
Duvessa closely misses you.
You turn into a tree.
Your +0 helmet melds into your body.
Your +0 scale mail melds into your body.
Your roots penetrate the ground.
You feel sick.
You are no longer poisoned.
You block Duvessa's attack.
You hit Duvessa but do no damage.
Duvessa is lightly wounded.
You block Duvessa's attack.
A goblin comes into view. It is wielding a +0 club.
Duvessa hits you but does no damage.
As you read the scroll labelled YLUESHROENN, it dissolves into smoke.
It was a scroll of fog.
You block Duvessa's attack.
Okay, then.
You barely miss Duvessa.
Duvessa is lightly wounded.
Duvessa hits you with a +1 short sword of protection.
* * * LOW HITPOINT WARNING * * *
Duvessa hits you with a +1 short sword of protection.
You die...

.........##
..........####
.............#
.............#
#######......# .
#.##.#...P#
...#####§#
.......
#...§g§§#
##.....
###.§e♣## #..P.
#[.##§§§....####
#.> ##.§....# #.
......# .
....... #######


You could see Duvessa (berserk) and a goblin.

Vanquished Creatures
  Sigmund (D:3)
  A jelly (D:2)
  6 adders
  A dart slug (D:3)
  5 orcs
  5 ball pythons
  7 endoplasms
  4 giant cockroaches
  3 goblins
  3 hobgoblins
  5 quokkas
  A bat (D:2)
  A frilled lizard (D:1)
  5 kobolds
  7 rats
55 creatures vanquished.

Vanquished Creatures (collateral kills)
  Dowan (D:4)
  2 adders (D:2)
  A worm (D:2)
  3 endoplasms
  5 goblins
  2 hobgoblins (D:3)
  2 kobolds
16 creatures vanquished.

Vanquished Creatures (others)
  A battlemage (D:4)
  An ancestor (D:3)
2 creatures vanquished.

Grand Total: 73 creatures vanquished

Notes
Turn   | Place    | Note
-------+----------+-------------------------------------------
     0 | D:1      | ketsa the Vine Stalker Fighter began the quest for the Orb.
     0 | D:1      | Reached XP level 1. HP: 11/11 MP: 2/2
   115 | D:1      | Reached XP level 2. HP: 16/16 MP: 3/3
   540 | D:1      | Found a faded altar of an unknown god.
   552 | D:1      | Reached XP level 3. HP: 20/20 MP: 4/4
   582 | D:1      | Prayed at the altar of an unknown god.
   582 | D:1      | Became a worshipper of Hepliaklqana the Forgotten
   582 | D:1      | Reached * piety under Hepliaklqana
   731 | D:2      | Identified the +5 trident of Risk Management {venom,
                  | ^Contam rPois Dex+3}
   844 | D:2      | Reached XP level 4. HP: 21/21 MP: 5/5
  1277 | D:2      | Reached XP level 5. HP: 25/25 MP: 6/6
  1677 | D:3      | Noticed Ijyb
  1880 | D:3      | Reached ** piety under Hepliaklqana
  1889 | D:3      | Remembered your ancestor Zolin as a battlemage
  1938 | D:3      | Noticed Sigmund
  1945 | D:3      | Killed Sigmund
  1946 | D:3      | Reached XP level 6. HP: 29/29 MP: 4/7
  2109 | D:3      | You fall into a shaft and drop 1 floor!
  2123 | D:4      | Noticed Dowan
  2123 | D:4      | Noticed Duvessa
  2127 | D:4      | Killed Dowan
  2131 | D:4      | HP: 1/29 [Duvessa/+1 short sword of protection (10)]
  2135 | D:4      | Slain by Duvessa

Illustrated notes

Levels and vault maps discovered:
D:1:      roadster_arrival_rocket_small, layout_basic,
          dreamdust_ecumenical_altar_statues, hangedman_abyss_or_decor_stabs
D:2:      layout_basic, minmay_increasing_density
D:3:      layout_basic, grunt_temple_overflow_champion_of_chaos,
          grunt_ministairs_10, uniq_ijyb, uniq_sigmund
D:4:      layout_rooms, lemuel_tele_altar, minmay_temple_entry_trees,
          minmay_misc_feat_hallway, uniq_crazy_yiuf_cottage, uniq_duvessa

Skill      XL: |  1  2  3  4  5 |
---------------+----------------+-----
Long Blades    | 2 3 4 |  4.7
Fighting       | 3 4 |  4.1
Shields        | 3 4 |  4.0
Armour         | |  2.4

Action                     |  1- 3 |  4- 6 || total
---------------------------+-------+-------++-------
  Melee: Long sword        |    77 |    67 ||   144
         Bite              |    23 |    16 ||    39
 Invoke: Recall Ancestor   |       |     3 ||     3
         Ancestor Life: Ba |       |     1 ||     1
  Evoke: Wand              |       |     3 ||     3
    Use: Scroll            |       |     4 ||     4
         Potion            |       |     1 ||     1
   Stab: Distracted        |       |     3 ||     3
 Armour: Scale mail        |    48 |    52 ||   100
         Skin              |       |     3 ||     3
  Dodge: Dodged            |    46 |    22 ||    68
  Block: Buckler           |    22 |    28 ||    50

Table legend: (Time is in decaauts)
 A = Elapsed time spent in this place.
 B = Non-inter-level travel time spent in this place.
 C = Inter-level travel time spent in this place.
 D = Time resting spent in this place.
 E = Time spent auto-exploring this place.
 F = Levels seen in this place.
 G = Mean time per level.
                   A        B        C        D        E       F      G
               +--------+--------+--------+--------+--------+-----+--------+
         Total |   2174 |   2099 |     75 |     29 |   1132 |   4 |  543.5 |
       Dungeon |   2174 |   2099 |     75 |     29 |   1132 |   4 |  543.5 |
               +--------+--------+--------+--------+--------+-----+--------+

Top non-repeatable levels by time:
     D:2: 978 daAuts
     D:1: 705 daAuts
     D:3: 465 daAuts
     D:4: 26 daAuts
